 Dungeon Crawl Stone Soup version 0.29-a0-393-g47a863cc1b (webtiles) character file.

Game seed: 16727991230933890873

76 NinjaNoafa the Ruffian (level 4, -6/44 HPs)
             Began as a Troll Fighter on May 9, 2022.
             Killed by divine providence
             ... invoked by an orc priest
              (12 damage)
             ... on level 3 of the Dungeon.
             The game lasted 00:01:52 (1585 turns).

NinjaNoafa the Ruffian (Troll Fighter)              Turns: 1585, Time: 00:01:53

Health: -6/44      AC:  4    Str: 24    XL:     4   Next: 12%
Magic:  3/3        EV:  9    Int:  4    God:
Gold:   59         SH:  7    Dex: 11    Spells: 3/3 levels left

rFire   . . .      SeeInvis .     - Unarmed
rCold   . . .      Faith    .   b - +0 kite shield
rNeg    . . .      Spirit   .   a - +0 robe
rPois   .          Reflect  .   (helmet restricted)
rElec   .          Harm     .   (no cloak)
rCorr   .          Rampage  .   (gloves unavailable)
Will    .....                   (boots unavailable)
Stlth   ..........              (no amulet)
HPRegen 0.94/turn               (no ring)
MPRegen 0.08/turn               (no ring)

@: mighty, silenced, attractive
A: large, unfitting armour, claws 3, regeneration 1, shaggy fur 1, tough skin 1
a: no special abilities


You were on level 3 of the Dungeon.
You visited 1 branch of the dungeon, and saw 3 of its levels.

You collected 59 gold pieces.

Inventory:

Missiles
 e - 7 poisoned darts (quivered)
Armour
 a - a +0 robe (worn)
 b - a +0 kite shield (worn)
Scrolls
 f - a scroll of enchant weapon
 i - 2 scrolls of teleportation {unknown}
 k - a scroll of immolation {unknown}
 l - a scroll of magic mapping {unknown}
 m - a scroll of fog {unknown}
Potions
 j - a potion of attraction


   Skills:
 + Level 2.8 Fighting
 + Level 2.8 Dodging
 + Level 2.8 Shields
 * Level 3.2 Unarmed Combat


You had 3 spell levels left.
You didn't know any spells.
Your spell library was empty.

Dungeon Overview and Level Annotations

Branches:
Dungeon (3/15)

Altars:


Innate Abilities, Weirdness & Mutations

You are too large for most types of armour.
You have claws for hands.
Your natural rate of healing is unusually fast.
You are covered in fur. (AC +1)
You have tough skin. (AC +1)


Message History

The orc priest freezes you.
The orc wizard gestures wildly while chanting.
The orc wizard flickers and vanishes!
Deactivating autopickup; reactivate with Ctrl-A.
You claw the orc priest!
You kill the orc priest!
The orc priest is attracted toward you.
Your Unarmed Combat skill increases to level 3!
You have reached level 4!
You miss something.
The orc priest calls down the wrath of Beogh upon you.
Beogh smites you!
* * * LOW HITPOINT WARNING * * *
Something hits you.
* * * LOW HITPOINT WARNING * * *
You claw something!
The orc priest begins to cast a cantrip, but forgets the words!
Something hits you.
* * * LOW HITPOINT WARNING * * *
You feel better. Something hits you but does no damage.
As you read the scroll labelled MIDUSS COWEOPUDYMM, it crumbles to dust.
It is a scroll of identify.
f - a scroll of enchant weapon You hear some strange, mumbled words.
A puff of flame appears from out of thin air!
The puff of flame hits you.
* * * LOW HITPOINT WARNING * * *
The orc priest is attracted toward you.
As you read the scroll of identify, it crumbles to dust.
g - a scroll of silence Something hits you but does no damage.
The orc priest begins to cast a cantrip, but forgets the words!
The orc is attracted toward you. The orc priest is attracted toward you.
As you read the scroll of silence, it crumbles to dust.
A profound silence engulfs you. You block something's attack.
Something hits you.
* * * LOW HITPOINT WARNING * * *
The orc priest calls down the wrath of Beogh upon you.
Beogh smites you!
You die...

##################
########......@..oo§.....
###........################
..#.############ ##
#..............# #..
...#.#########.# #.# #...##
#.# #.#
#..###########.####.# #
#...................#### .
##.###########.........#.#


You could see an orc priest and an orc.

Vanquished Creatures
  An orc priest (D:3)
  A dart slug (D:1)
  An orc (D:3)
  3 ball pythons
  3 bats
  7 endoplasms
  A giant cockroach (D:1)
  5 goblins
  4 hobgoblins (D:2)
  A jackal (D:2)
  6 frilled lizards
  3 kobolds
  6 rats
42 creatures vanquished.

Notes
Turn   | Place    | Note
-------+----------+-------------------------------------------
     0 | D:1      | NinjaNoafa the Troll Fighter began the quest for the Orb.
     0 | D:1      | Reached XP level 1. HP: 22/22 MP: 0/0
   178 | D:1      | Reached XP level 2. HP: 29/29 MP: 1/1
   663 | D:2      | Reached XP level 3. HP: 30/36 MP: 2/2
  1042 | D:2      | Found a faded altar of an unknown god.
  1577 | D:3      | Reached skill level 3 in Unarmed Combat
  1577 | D:3      | Reached XP level 4. HP: 18/44 MP: 3/3
  1578 | D:3      | HP: 1/44 [something (4)]
  1585 | D:3      | Killed from afar by an orc priest

Illustrated notes

Levels and vault maps discovered:
D:1:      enne_arrival_octagon_isle, layout_basic
D:2:      layout_basic, shapermc_ecumenical_altar_notcrosses, st_stairs_5,
          chequers_big_river, nrook_campfire
D:3:      minmay_evil_eye, layout_loops_ring, nicolae_tso_besieged_by_evil,
          kennysheep_another_room, kennysheep_donut

Skill      XL: |  1  2  3 |
---------------+----------+-----
Unarmed Combat | 3 |  3.2
Fighting       | |  2.8
Dodging        | |  2.8
Shields        | |  2.8

Action                   |  1- 3 |  4- 6 || total
-------------------------+-------+-------++-------
Melee: Unarmed           |   108 |     2 ||   110
  Use: Potion            |     3 |     1 ||     4
       Scroll            |       |     3 ||     3
 Stab: Sleeping          |     1 |       ||     1
Armor: Robe              |    31 |     2 ||    33
Dodge: Dodged            |    39 |       ||    39
Block: Kite shield       |    37 |     1 ||    38

Table legend: (Time is in decaauts)
 A = Elapsed time spent in this place.
 B = Non-inter-level travel time spent in this place.
 C = Inter-level travel time spent in this place.
 D = Time resting spent in this place.
 E = Time spent auto-exploring this place.
 F = Levels seen in this place.
 G = Mean time per level.
                   A        B        C        D        E       F      G
               +--------+--------+--------+--------+--------+-----+--------+
         Total |   1605 |   1532 |     73 |      0 |   1194 |   3 |  535.0 |
       Dungeon |   1605 |   1532 |     73 |      0 |   1194 |   3 |  535.0 |
               +--------+--------+--------+--------+--------+-----+--------+

Top non-repeatable levels by time:
     D:2: 844 daAuts
     D:1: 607 daAuts
     D:3: 154 daAuts
